 Dungeon Crawl Stone Soup version 0.30-a0-553-g7fabdf1491 (webtiles) character file.

Game seed: 15927389011801362519

27 oldriver the Sneak (level 3, 0/32 HPs)
             Began as a Naga Artificer on Dec 26, 2022.
             Slain by a quokka (4 damage)
             ... on level 2 of the Dungeon.
             The game lasted 00:01:21 (1155 turns).

oldriver the Sneak (Naga Artificer)                 Turns: 1155, Time: 00:01:22

Health: 0/32       AC:  2    Str: 14    XL:     3   Next: 10%
Magic:  3/3        EV:  9    Int: 11    God:
Gold:   49         SH:  0    Dex: 13    Spells: 2/2 levels left

rFire   . . .      SeeInvis +    a - +0 club
rCold   . . .      Faith    .    (no shield)
rNeg    . . .      Spirit   .    b - +0 leather armour
rPois   +          Reflect  .    (no helmet)
rElec   .          Harm     .    (no cloak)
rCorr   .          Rampage  .    (no gloves)
Will    .....                    (no barding)
Stlth   ++                       (no amulet)
HPRegen 0.25/turn                (no ring)
MPRegen 0.08/turn                (no ring)

@: short of breath, very slow
A: AC +1, large, see invisible, deformed body, poison resistance, slowness 2,
spit poison 1, naga tail 1
a: Spit Poison


You were on level 2 of the Dungeon.
You visited 1 branch of the dungeon, and saw 2 of its levels.

You collected 49 gold pieces.

Inventory:

Hand Weapons
 a - a +0 club (weapon)
Armour
 b - a +0 leather armour (worn)
Jewellery
 g - an amulet of the acrobat
 h - a ring of willpower
 k - a ring of flight
Wands
 c - a wand of flame (15)
 d - a wand of charming (15)
 e - a wand of iceblast (5)
Scrolls
 f - 2 scrolls of fog {unknown}
 j - a scroll of enchant armour {unknown}
 l - 2 scrolls of immolation {unknown}
 m - a scroll of identify {unknown}
Potions
 i - 2 potions of cancellation {unknown}
 n - a potion of attraction {unknown}
 o - a potion of magic {unknown}


   Skills:
 + Level 2.1 Fighting
 - Level 1.5 Armour
 - Level 0.7 Dodging
 + Level 3.5 Stealth
 - Level 3.0 Evocations


You had 2 spell levels left.
You didn't know any spells.
Your spell library was empty.

Dungeon Overview and Level Annotations

Branches:
Dungeon (2/15)

Altars:


Innate Abilities, Weirdness & Mutations

Your serpentine skin is tough. (AC +1)
You have supernaturally acute eyesight. (SInv)
Armour fits poorly on your strangely shaped body.
Your system is resistant to poisons. (rPois)
You cover ground very slowly.
You can spit poison.
You have a snake-like lower body.


Message History

You closely miss the giant cockroach.
The giant cockroach is moderately wounded.
You have got your breath back.
The giant cockroach bites you but does no damage.
You hit the giant cockroach.
You kill the giant cockroach!
You miss the quokka. The quokka bites you.
The quokka bites you but does no damage.
The splash of poison misses the quokka.
The quokka bites you.
You barely miss the quokka. The quokka bites you. x2
You closely miss the quokka. The quokka bites you.
You are too injured to fight recklessly!
You are too injured to fight recklessly!
You barely miss the quokka. The quokka closely misses you.
The quokka completely misses you.
You hit the quokka but do no damage.
You have got your breath back.
The quokka bites you.
You barely miss the quokka. The quokka barely misses you. x2
You barely miss the quokka. The quokka bites you.
You are too injured to fight recklessly!
You hit the quokka but do no damage. The quokka barely misses you.
The quokka bites you.
* * * LOW HITPOINT WARNING * * *
You hit the quokka.
The quokka is severely wounded.
The quokka closely misses you. The quokka bites you.
* * * LOW HITPOINT WARNING * * *
Aiming: Spit Poison (2% risk of failure)
Press: ? - help, Shift-Dir - straight line, f/p - quokka
Aim: a quokka (severely wounded, 45% to hit)
The splash of poison misses the quokka.
The quokka barely misses you.
You completely miss the quokka.
The quokka is severely wounded.
The quokka bites you.
* * * LOW HITPOINT WARNING * * *
You hit the quokka.
The quokka is almost dead.
The quokka bites you.
You die...

######..## #........
#.......#
.###.......#
...........#
...........###...
.................
.....####r####..# ...
#@# #..#..### .
#.####..#....###
######.#.............
#........##..#.....
#........##..#....
#............#..#+#
#.......####.#..#.#
######..........#.#.#
#####...).#.##.#.#.#


You could see a quokka.

Vanquished Creatures
  An adder (D:2)
  A dart slug (D:1)
  An endoplasm (D:2)
  2 giant cockroaches
  A hobgoblin (D:2)
  3 kobolds
  2 quokkas (D:1)
  A ball python (D:1)
  A bat (D:1)
  A goblin (D:1)
  2 rats (D:2)
16 creatures vanquished.

Vanquished Creatures (others)
  A plant (D:1)
1 creature vanquished.

Grand Total: 17 creatures vanquished

Notes
Turn   | Place    | Note
-------+----------+-------------------------------------------
     0 | D:1      | oldriver the Naga Artificer began the quest for the Orb.
     0 | D:1      | Reached XP level 1. HP: 18/18 MP: 1/1
   176 | D:1      | Reached XP level 2. HP: 25/25 MP: 2/2
   991 | D:2      | Reached XP level 3. HP: 5/32 MP: 3/3
  1155 | D:2      | Slain by a quokka

Illustrated notes

Levels and vault maps discovered:
D:1:      roderic_crop_circles_arrival_large, layout_basic
D:2:      layout_basic

Skill      XL: |  1  2 |
---------------+-------+-----
Stealth        | 2 3 |  3.5
Fighting       | 2 |  2.1
Armour         | |  1.5
Dodging        | |  0.7
Evocations     | |  3.0

Action                   || total
-------------------------++-------
Melee: Club              ||    48
 Abil: Spit Poison       ||    22
Armor: Leather armour    ||    16
Dodge: Dodged            ||    28

Table legend: (Time is in decaauts)
 A = Elapsed time spent in this place.
 B = Non-inter-level travel time spent in this place.
 C = Inter-level travel time spent in this place.
 D = Time resting spent in this place.
 E = Time spent auto-exploring this place.
 F = Levels seen in this place.
 G = Mean time per level.
                   A        B        C        D        E       F      G
               +--------+--------+--------+--------+--------+-----+--------+
         Total |   1502 |   1466 |     36 |     80 |   1169 |   2 |  751.0 |
       Dungeon |   1502 |   1466 |     36 |     80 |   1169 |   2 |  751.0 |
               +--------+--------+--------+--------+--------+-----+--------+

Top non-repeatable levels by time:
     D:1: 815 daAuts
     D:2: 686 daAuts
